nht, chaotic female elven Wizard | |}--------------- |}}}}}}|........| |.....}|........| |.....}|........|-- --- | |..P.@}+...{....-. ...-.........\( ---...A@}X........|-- --- | |$| |.....Y.}|........| |.---.|}}}}DR|........| |.....|}--------------- |.----| | |...|.| ---.|.| .....| ------ nht the Thaumaturge Experience level: 9 Strength: 9 Dexterity: 12 Constitution: 12 Intelligence: 20 Wisdom: 12 Charisma: 9 Health: 0(57) Energy: 104(111) Def: 1 Gold: 830 Moves: 1336 Dungeon seed: FGGbQvew7PNYU935 Game ID: nht_1432192173 Your Inventory: Coins $ - 830 gold pieces Weapons a - a blessed +1 quarterstaff (weapon in hands) Armor e - an uncursed +0 cloak of magic resistance (being worn) Scrolls j - 2 uncursed scrolls of confuse monster k - a blessed scroll of blank paper r - an uncursed scroll of blank paper s - an uncursed scroll of scare monster v - an uncursed scroll of identify z - an uncursed scroll of magic mapping C - an uncursed scroll of earth D - a cursed scroll of earth J - a cursed scroll of teleportation Spellbooks m - a blessed spellbook of magic missile u - a blessed spellbook of blank paper G - an uncursed spellbook of create monster Potions g - 2 uncursed potions of booze h - an uncursed potion of restore ability Rings c - an uncursed +1 ring of increase accuracy d - an uncursed ring of cold resistance E - a cursed ring of teleportation I - a blessed +1 ring of gain constitution Wands b - a wand of light (0:13) A - a wand of create monster (0:11) F - a wand of teleportation (0:4) Tools f - an uncursed tooled horn i - an uncursed oil lamp (lit) (0:833) o - a magic marker (0:2) t - an uncursed towel x - a +0 pick-axe y - 5 blessed wax candles (0:400) Gems N - an uncursed worthless piece of green glass Spells known in the end: Name Level Category Fail Memory a - force bolt 1 attack 0% 94% b - magic missile 2 attack 0% 94% c - remove curse 3 clerical 56% 94% d - detect monsters 1 divination 0% 95% e - healing 1 healing 0% 95% f - create monster 2 clerical 0% 98% Your skills at the end: Fighting Skills Weapon Skills quarterstaff [Basic] Spellcasting Skills attack spells [Basic] enchantment spells [Basic] Final Attributes: You were stridently aligned. You were sleep resistant. You were magic-protected. You were telepathic. You had infravision. You are dead. Vanquished creatures: a demilich a lich a lieutenant 2 fire giants an ettin mummy a troll a shark a red naga 8 soldiers 2 ogres a rust monster an elf zombie a floating eye a dwarf 2 hill orcs a giant bat a hobbit a hobgoblin 4 gnomes 3 goblins 2 sewer rats a grid bug a kobold zombie a newt 40 creatures vanquished. Voluntary challenges: You used a wielded weapon 11 times, starting on turn 66. You read items or engraved 31 times, starting on turn 301. You never genocided any monsters. You never polymorphed an object. You never changed form. You used no wishes. You never split a pudding. You wrote Elbereth's name 15 times, starting on turn 614. You violated your moral code, losing 12 points of alignment, starting on turn 1253. You disabled loading bones files. Dungeon overview: The Dungeons of Doom: levels 1 to 25 Level 1 an altar to Thoth a long staircase Level 2 Level 3 a fountain Level 4 a fountain stairs to The Gnomish Mines Level 5 a fountain Level 6 (shop locked) Level 7 (throne) Level 8 Level 9 (chauns) stairs to Sokoban Level 10 Level 11 (blackcorn) a fountain Level 12 (graves) Level 13 Level 14 (quest) Level 15 Level 16 Level 17 Level 18 (temple) Level 19 (throne) Level 20 (bees) Level 21 Level 22 Level 23 a fountain Level 24 (medusa) Level 25 <- You were here a fountain, a throne The Gnomish Mines: Level 5 stairs to The Dungeons of Doom Sokoban: Level 8 stairs to The Dungeons of Doom History has recorded: On T:1 you entered the Dungeons of Doom to retrieve the Amulet of Yendor! On T:68 you reached level 2 of The Dungeons of Doom. On T:234 you reached level 3 of The Dungeons of Doom. On T:407 you advanced to experience level 2. On T:415 you reached level 4 of The Dungeons of Doom. On T:430 you reached level 1 of The Gnomish Mines. On T:471 you reached level 5 of The Dungeons of Doom. On T:474 you reached level 6 of The Dungeons of Doom. On T:545 you advanced to experience level 3. On T:591 you reached level 7 of The Dungeons of Doom. On T:601 you reached level 8 of The Dungeons of Doom. On T:638 you reached level 9 of The Dungeons of Doom. On T:649 you reached level 4 of Sokoban. On T:728 you reached level 10 of The Dungeons of Doom. On T:750 you reached level 11 of The Dungeons of Doom. On T:773 you reached level 12 of The Dungeons of Doom. On T:795 you reached level 13 of The Dungeons of Doom. On T:799 you reached level 14 of The Dungeons of Doom. On T:848 you reached level 15 of The Dungeons of Doom. On T:870 you reached level 16 of The Dungeons of Doom. On T:929 you reached level 17 of The Dungeons of Doom. On T:957 you reached level 18 of The Dungeons of Doom. On T:962 you reached level 19 of The Dungeons of Doom. On T:1008 you reached level 20 of The Dungeons of Doom. On T:1031 you reached level 21 of The Dungeons of Doom. On T:1053 you reached level 22 of The Dungeons of Doom. On T:1078 you reached level 23 of The Dungeons of Doom. On T:1099 you reached level 24 of The Dungeons of Doom. On T:1123 you reached The Castle. On T:1152 you advanced to experience level 4. On T:1157 you advanced to experience level 5. On T:1162 you advanced to experience level 6. On T:1168 you advanced to experience level 7. On T:1244 you advanced to experience level 8. On T:1276 you advanced to experience level 9. Score breakdown: Gold: 830 ( 9931 points) Experience: 9 levels (15756 points) Exploration: 25 levels ( 54.35%) (21908 points) Discoveries: 7 items ( 2.53%) ( 4769 points) Valuables value: (no points given unless you survive) Artifact value: 0 ( 0 points) Variety of kills: 24 monsters ( 6.33%) ( 7549 points) Time penalty: 1336 turns ( 0 points) Survival: died (score multiplied by 80%) Total score: 47930 Latest messages: You extract a strange sound from the tooled horn! You see a drawbridge going up! The demilich is crushed by the falling portcullis! You destroy the demilich! The carnivorous ape turns to flee! The captain wields a silver saber! The captain swings his silver saber. The captain hits! The green dragon turns to flee! The green dragon breathes poison gas! The blast of poison gas hits you! You die... Final status: Goodbye nht the Wizard, killed by a poisoned blast... You died in The Dungeons of Doom on dungeon level 25 with 47930 points, and 830 pieces of gold, after 1336 moves. You were level 9 with a maximum of 57 hit points when you died.